 Dungeon Crawl Stone Soup version 0.16-a0-3630-g4eef910 (webtiles) character file.

289968 Chasingthesun the Bludgeoner (level 20, -1/132 HPs)
             Began as a Gargoyle Fighter on Jan 13, 2015.
             Was a High Priest of Okawaru.
             Killed from afar by a hellion (13 damage)
             ... with a burst of hellfire
             ... summoned by a deep elf demonologist
             ... on level 3 of the Elven Halls on Jan 15, 2015.
             The game lasted 06:20:58 (45337 turns).

Chasingthesun the Bludgeoner (Gargoyle Fighter)    Turns: 45337, Time: 06:20:58

Health: -1/132     AC: 54    Str: 31    XL:     20   Next: 73%
Magic:  32/32      EV: 12    Int: 10    God:    Okawaru [*****.]
Gold:   1095       SH: 22    Dex:  6    Spells: 2 memorised, 14 levels left

rFire  + . .     SeeInvis +     z - +8 morningstar of Joyful Slaughter {flame, Str+3 Stlth+}
rCold  + + .     Clarity  +     r - +7 chain mail of Vuruoppyar {rElec Regen+ Int-2}
rNeg   + . .     SustAb   .     s - +0 large shield
rPois  ∞         Gourm    .     J - +2 helmet {Int+3}
rElec  +         Spirit   .     M - +2 cloak {+Inv}
rCorr  .         Warding  .     F - +0 pair of gloves of the Wumpus {Noisy rPois+ rC+ Dex-4 Slay+3 SInv}
rMut   .         Stasis   .     g - +2 pair of boots {run}
MR     +....                    y - amulet of clarity
Stlth  ..........               U - ring of protection from cold
                                w - +3 ring of protection

@: heroism, flying, quick, somewhat resistant to hostile enchantments, extremely
unstealthy
A: able to fly continuously, big wings, fire resistance 1, mutation resistance
1, negative energy resistance 1, sense surroundings 1, electricity resistance,
unbreathing, petrification resistance, rot immunity, AC +15
a: Stop Flying, Heroism, Finesse, Renounce Religion, Evoke Invisibility
}: 2/15 runes: serpentine, barnacled


You were on level 3 of the Elven Halls.
You worshipped Okawaru.
Okawaru was extremely pleased with you.
You were full.

You visited 7 branches of the dungeon, and saw 41 of its levels.
You visited the Abyss 1 time.
You visited 1 bazaar.
You also visited: Labyrinth, Sewer and Ossuary.

You collected 4459 gold pieces.
You spent 3364 gold pieces at shops.

Inventory:

Hand weapons
 z - the +8 morningstar of Joyful Slaughter (weapon) {flame, Str+3 Stlth+}
   (Okawaru gifted it to you on level 4 of the Lair of Beasts)

   It emits flame when wielded, causing extra injury to most foes and up to half
   again as much damage against particularly susceptible opponents.
   It affects your strength (+3).
   It makes you more stealthy.
Armour
 g - a +2 pair of boots of running (worn)
 r - the +7 chain mail of Vuruoppyar (worn) {rElec Regen+ Int-2}
   (Okawaru gifted it to you on level 6 of the Lair of Beasts)

   It affects your intelligence (-2).
   It insulates you from electricity.
   It increases your rate of regeneration.
 s - a +0 large shield (worn)
 F - the +0 pair of gloves of the Wumpus (worn) {Noisy rPois+ rC+ Dex-4 Slay+3 SInv}
   (You bought it in a shop in a bazaar)

   It affects your dexterity (-4).
   It affects your accuracy and damage with ranged weapons and melee attacks
   (+3).
   It protects you from cold.
   It protects you from poison.
   It enhances your eyesight.
   It may make noises in combat.
 J - a +2 helmet of intelligence (worn)
 K - a +2 plate armour of fire resistance
 M - a +2 cloak of invisibility (worn)
Rods
 Z - a +8 iron rod (14/14)
   (You took it off a minotaur in a labyrinth)
Jewellery
 b - an uncursed ring of sustain abilities
 o - an uncursed ring of protection from magic
 w - a +3 ring of protection (left hand)
 y - an amulet of clarity (around neck)
 I - an uncursed ring of positive energy
 P - an uncursed ring of see invisible
 U - a ring of protection from cold (right hand)
Magical devices
 d - a wand of lightning (9)
 C - a wand of heal wounds (5)
 O - a wand of digging (7)
 W - a wand of hasting (5)
 X - a wand of fire (0)
 Y - a wand of disintegration (17)
Scrolls
 a - 16 scrolls of remove curse
 f - a scroll of blinking
 h - 2 scrolls of recharging
 j - 5 scrolls of fog
 k - 8 scrolls of magic mapping
 m - 6 scrolls of enchant armour
 p - 4 scrolls of enchant weapon
 t - 24 scrolls of teleportation
 A - 2 scrolls of amnesia
 B - 3 scrolls of holy word
 E - 3 scrolls of silence
 S - 11 scrolls of identify
Potions
 e - 2 potions of berserk rage
 i - 3 potions of resistance
 l - 3 potions of magic
 q - 2 potions of haste
 u - 7 potions of agility
 v - 11 potions of curing
 x - 6 potions of brilliance
 D - 6 potions of heal wounds
 Q - 2 potions of invisibility
 T - 4 potions of might
 V - 4 potions of restore abilities
Books
 L - a book of Battle

   Spells                             Type                      Level
   a - Infusion                       Charms                       1
   b - Shroud of Golubria             Charms/Translocation         2
   c - Song of Slaying                Charms                       2
   d - Spectral Weapon                Hexes/Charms                 3
   e - Regeneration                   Charms/Necromancy            3
Comestibles
 n - 23 meat rations
 G - 4 bread rations
 H - 18 beef jerkies


   Skills:
 + Level 16.4(21.4) Fighting
 - Level 18.4(23.4) Maces & Flails
 + Level 16.2(21.2) Armour
 - Level 14.0(19.0) Dodging
 - Level 11.7(16.7) Shields
 + Level 5.1 Charms
 + Level 4.5 Necromancy
 + Level 5.1 Translocations
 - Level 10.0 Invocations
 - Level 0.2 Evocations


You had 14 spell levels left.
You knew the following spells:

 Your Spells              Type           Power        Failure   Level  Hunger
a - Blink                 Tloc           N/A          52%         2    ###....
b - Regeneration          Chrm/Necr      #.........   94%         3    ####...


Dungeon Overview and Level Annotations

Branches:
Dungeon (15/15)            Temple (1/1) D:4            Lair (8/8) D:11
 Shoals (5/5) Lair:4        Snake (5/5) Lair:3        Slime (0/6) Lair:8
    Orc (4/4) D:9             Elf (3/3) Orc:3        Vaults (0/5) D:14
 Depths (0/5) D:15

Altars:
Ashenzari
Cheibriados
Dithmenos
Elyvilon
Fedhas
Gozag
Kikubaaqudgha
Makhleb
Nemelex Xobeh
Okawaru
Qazlal
Ru
Sif Muna
Trog
Vehumet
Xom
Yredelemnul
Zin
The Shining One
Jiyva

Shops:
D:7 *   D:14 (   Orc:2 %   Orc:4 !:%   Elf:2 =((*}   Elf:3 *   Shoals:3 [

Portals:
Hell: Lair:8
Trove: D:11 (give +4 gold dragon armour)

Annotations:
Elf:2 runed door


Innate Abilities, Weirdness & Mutations

You are resistant to torment.
You are immune to poison.
You can fly continuously.
Your stone body is very resilient (AC +15).
Your wings are large and strong.
You resist negative energy.
You are resistant to electric shocks.
You can survive without breathing.
You are immune to petrification.
You are immune to rotting.
Your flesh is heat resistant.
You are somewhat resistant to further mutation.
You passively map a small area around you.


Message History

The deep elf annihilator is heavily wounded.
The deep elf demonologist mumbles some strange words.
You completely miss the deep elf annihilator.
The deep elf annihilator is heavily wounded.
The deep elf demonologist zaps a wand.
The bolt of fire hits you!
It is a wand of fire.
You block the deep elf annihilator's attack.
You bludgeon the deep elf annihilator!! You burn the deep elf annihilator!
You kill the deep elf annihilator!
Okawaru accepts your kill. The hellion gestures at you.
The hellfire explodes!
The burst of hellfire engulfs you!
* * * LOW HITPOINT WARNING * * *
The deep elf high priest calls down the wrath of its god upon you.
Something smites you!
* * * LOW HITPOINT WARNING * * *
The deep elf demonologist gestures wildly while chanting.
The hellion gestures at you.
The hellfire explodes!
The burst of hellfire engulfs you!
You die...

##.......##.........#
.........##...#.#...#
##..........e.#.....#
##§..4...###.|......#
....∩....####x......#
..#.......# #......##
#.#.......# ####)###
#.#......[######.#####
#......<..##....@....#
#.#.......e....#.#####
###......2.#####.#
##.......#* #.#
*[#.###*** ***#.#
*#..###*****,,..#
*#....,,,**,*### *
#...#**,#*,* *
#.#.###.##.*


You could see a deep elf demonologist and a hellion.

Vanquished Creatures
  3 bone dragons (Abyss:1)
  The ghost of chequers the Axe Maniac, a mighty HOBe of Trog (Elf:3)
  Asterion (Shoals:1)
  A deep elf blademaster (Elf:2)
  2 tentacled starspawn (Abyss:1)
  Rupert (Shoals:1)
  Frances (D:15)
  2 tengu reavers (D:15)
  Ilsuiw (Shoals:4)
  6 greater nagas
  Maud (Lair:8)
  Louise (Snake:4)
  7 deep elf sorcerers
  A vampire knight (D:15)
  5 deep elf annihilators (Elf:3)
  3 deep elf demonologists
  A dire elephant (Lair:8)
  A merfolk javelineer (Shoals:4)
  A minotaur (Lab)
  The ghost of twb the Imperceptible, a powerful SpEn of Ashenzari (Snake:1)
  6 deep elf death magi
  4 merfolk impalers
  Josephine (D:11)
  A green death (Elf:3)
  A fire dragon (D:15)
  A deep elf high priest (Elf:3)
  A yaktaur captain (D:15)
  Harold (D:12)
  14 anacondas
  10 hydras
  14 naga warriors
  Nessos (D:12)
  A rakshasa (D:15)
  7 centaur warriors
  An alligator snapping turtle (Shoals:5)
  An ice dragon (Lair:3)
  4 merfolk aquamancers
  15 dancing weapons (Elf:2)
  5 merfolk avatars
  5 satyrs
  2 ogre magi (Orc:4)
  8 death yaks
  An orc high priest (Orc:4)
  8 naga sharpshooters
  6 thrashing horrors (Abyss:1)
  14 deep elf knights
  9 shock serpents
  A catoblepas (Lair:7)
  A shadow wraith (Abyss:1)
  A sun demon (Lair:8)
  A wretched star (Abyss:1)
  The ghost of aori the Charlatan, an experienced HEWz of Ashenzari (D:8)
  A salamander mystic (Snake:5)
  An ice devil (Abyss:1)
  A death drake (shapeshifter) (D:15)
  3 deep trolls
  A fire crab (shapeshifter) (D:15)
  A shadow demon (Elf:3)
  3 unseen horrors
  A giant orange brain (Abyss:1)
  11 sea snakes
  7 naga ritualists
  Erolcha (D:13)
  2 wizards
  A necromancer (D:14)
  12 deep elf summoners
  10 deep elf conjurers
  9 mana vipers
  3 orc knights (D:15)
  14 hill giants
  28 harpies
  10 cyclopes
  14 manticores
  3 orc sorcerers
  A phantasmal warrior (D:15)
  16 fauns
  2 wolf spider zombies (D:15)
  2 oklob plants
  2 wolf spiders (D:15)
  14 ugly things
  2 sixfirhies
  6 water nymphs
  9 griffons
  27 black mambas
  2 salamanders
  8 sirens
  6 elephants
  Joseph (D:9)
  8 gargoyles
  2 apocalypse crabs (Abyss:1)
  3 guardian serpents
  A torpor snail (Lair:8)
  15 naga magi
  3 centaur skeletons
  3 smoke demons
  A dire elephant skeleton (Abyss:1)
  Psyche (D:9)
  10 spiny frogs
  5 orange demons (Lair:8)
  3 yaktaurs (D:15)
  3 demonic crawlers (Elf:2)
  A kobold demonologist (D:15)
  5 ancient zymes (Abyss:1)
  3 fire drakes
  2 efreet
  12 komodo dragons
  A queen bee (shapeshifter) (D:13)
  2 red devils
  15 trolls
  18 merfolk
  4 wandering mushrooms (Lab)
  9 deep elf priests
  2 polar bears
  11 two-headed ogres
  2 jumping spiders
  4 blue devils
  4 boulder beetles
  2 slime creatures (D:15)
  3 blink frogs (Lair:4)
  4 raiju (Abyss:1)
  A trapdoor spider zombie (D:11)
  3 wind drakes
  3 trapdoor spiders
  10 snapping turtles
  3 tarantellas
  2 shadows (D:15)
  A centaur simulacrum (D:15)
  25 deep elf magi
  5 redbacks
  15 water elementals
  4 fire bats (D:11)
  2 wyverns
  3 spriggans (Lair:4)
  2 vampires
  3 wraiths
  8 basilisks
  24 yaks
  3 hungry ghosts
  5 vampire mosquitoes
  23 deep elf fighters
  5 large abominations (Abyss:1)
  11 hippogriffs
  27 water moccasins
  A warg (Orc:1)
  10 wolves
  4 hell hounds
  50 nagas
  The ghost of aori the Magician, an average DEWz (Ossuary)
  A hornet simulacrum (D:15)
  A soldier ant (D:12)
  17 orc warriors
  5 porcupines
  2 black bears
  5 sky beasts
  2 ice beasts
  A wasp (D:9)
  An eye of draining (shapeshifter) (Elf:2)
  2 eyes of draining
  A phantom (D:14)
  A boring beetle (shapeshifter) (Elf:1)
  26 ogres
  10 small abominations
  10 big kobolds (D:8)
  6 centaurs
  2 boring beetles
  Sigmund (D:6)
  Duvessa (D:7)
  26 giant frogs
  18 crocodiles
  2 wyvern zombies
  A water moccasin skeleton (D:7)
  A water moccasin zombie (D:11)
  3 scorpions
  3 electric eels
  9 killer bees
  A spriggan skeleton (Lab)
  5 wights
  2 lava snakes (D:11)
  2 goliath beetles (D:7)
  2 troll skeletons (Lab)
  3 crimson imps
  10 starcursed masses (Abyss:1)
  Dowan (D:7)
  4 giant frog skeletons
  A giant frog zombie (D:10)
  3 quasits
  27 orc wizards
  The ghost of aori the Vexing, a weakling FeEn (D:4)
  12 jellies
  22 orc priests
  4 centaur zombies
  17 hounds
  3 iron imps (Abyss:1)
  8 iguanas
  9 worker ants
  6 hell rats
  23 sheep
  Ijyb (D:3)
  Jessica (D:3)
  2 big kobold zombies (Ossuary)
  An ogre skeleton (Lab)
  A hound skeleton (D:7)
  Terence (D:2)
  3 mummies
  Robin (D:3)
  19 adders
  4 gnolls (D:9)
  An adder (shapeshifter) (D:15)
  A white imp (Abyss:1)
  3 giant mites
  51 river rats
  3 shadow imps
  4 worms (D:2)
  An ufetubus (Abyss:1)
  10 adder zombies
  14 giant geckos
  14 oozes
  170 orcs
  2 bat skeletons
  3 bat zombies
  8 giant cockroaches
  4 gnoll zombies (Ossuary)
  29 goblins
  17 hobgoblins
  11 quokkas
  5 ball pythons
  13 bats
  A giant gecko skeleton (D:7)
  13 giant newts
  A giant spore (D:8)
  4 hobgoblin zombies (Ossuary)
  14 jackals
  18 kobolds
  5 kobold zombies (Ossuary)
  3 orc zombies
  16 rats
  17 ballistomycetes
  A bush (Lair:6)
  2 crawling corpses (Elf:1)
  5 fungi
  3 plants
  A starspawn tentacle (Abyss:1)
1665 creatures vanquished.

Vanquished Creatures (collateral kills)
  A bush (Lair:6)
1 creature vanquished.

Vanquished Creatures (others)
  A deep elf knight (Elf:1)
  2 unseen horrors (D:15)
  12 drowned souls
  3 fire vortices (D:11)
  A deep elf mage (Elf:1)
  2 spiders (Lair:1)
  A giant mite (Lair:1)
  2 orcs (Orc:1)
  3 giant spores
  5 fungi (D:8)
  2 starspawn tentacles (Abyss:1)
  18 starspawn tentacle segments (Abyss:1)
  4 tentacles (Shoals:1)
  74 tentacle segments (Shoals:1)
130 creatures vanquished.

Grand Total: 1796 creatures vanquished

Notes
Turn   | Place    | Note
--------------------------------------------------------------
     0 | D:1      | Chasingthesun, the Gargoyle Fighter, began the quest for the Orb.
     0 | D:1      | Reached XP level 1. HP: 14/14 MP: 1/1
   258 | D:1      | Reached XP level 2. HP: 17/19 MP: 2/2
   711 | D:1      | Reached XP level 3. HP: 23/23 MP: 3/3
   762 | D:1      | Reached skill level 4 in Armour
  1267 | D:2      | Found a glowing silver altar of Zin.
  1267 | D:2      | Found an opulent altar of Gozag.
  1355 | D:2      | Reached XP level 4. HP: 26/28 MP: 4/4
  1479 | D:2      | Noticed Terence
  1494 | D:2      | Killed Terence
  1959 | D:3      | Noticed Jessica
  1960 | D:3      | Noticed Robin
  1993 | D:3      | Killed Robin
  1993 | D:3      | Reached XP level 5. HP: 29/33 MP: 5/5
  2000 | D:3      | Killed Jessica
  2089 | D:3      | Found a glowing golden altar of the Shining One.
  2474 | D:3      | Found a glowing drain.
  2478 | Sewer    | Entered a sewer
  2570 | Sewer    | Reached XP level 6. HP: 27/38 MP: 6/6
  2844 | D:3      | Noticed Ijyb
  2859 | D:3      | Killed Ijyb
  3309 | D:4      | Found a staircase to the Ecumenical Temple.
  3319 | Temple   | Entered the Ecumenical Temple
  3440 | D:4      | Reached skill level 5 in Shields
  3449 | D:4      | Reached skill level 5 in Armour
  3474 | D:4      | Reached XP level 7. HP: 38/43 MP: 7/7
  3707 | D:4      | Noticed aori's ghost (weakling FeEn)
  3745 | D:4      | Killed aori's ghost
  3905 | D:4      | Reached skill level 5 in Maces & Flails
  3934 | D:5      | Entered Level 5 of the Dungeon
  4163 | D:5      | Found a sand-covered staircase.
  4171 | Ossuary  | Entered an ossuary
  4261 | Ossuary  | Noticed aori's ghost (average DEWz)
  4295 | Ossuary  | Killed aori's ghost
  4377 | Ossuary  | Reached XP level 8. HP: 14/48 MP: 8/8
  4748 | D:5      | Reached skill level 6 in Maces & Flails
  5067 | D:5      | You fall through a shaft for 3 floors!
  5109 | D:8      | Noticed aori's ghost (experienced HEWz)
  5152 | D:8      | Killed aori's ghost
  5152 | D:8      | Reached skill level 5 in Fighting
  5152 | D:8      | Reached skill level 7 in Maces & Flails
  5331 | D:8      | Found a stormy altar of Qazlal.
  5364 | D:8      | Got an ancient ring mail
  5375 | D:8      | Identified the cursed -2 ring mail of Thrib {+Twstr Str+2} (You found it on level 8 of the Dungeon)
  5443 | D:8      | Reached XP level 9. HP: 39/54 MP: 9/9
  5797 | D:6      | Reached skill level 8 in Maces & Flails
  5884 | D:6      | Got a pair of scorched gloves
  5890 | D:6      | Identified the +0 pair of gloves of Sheeta {rC- MR- Regen+} (You found it on level 6 of the Dungeon)
  5923 | D:6      | Noticed Sigmund
  5934 | D:6      | Killed Sigmund
  6031 | D:6      | Found a sacrificial altar of Ru.
  6047 | D:6      | Found a blossoming altar of Fedhas.
  6055 | D:6      | Found a radiant altar of Vehumet.
  6058 | D:6      | Found an iron altar of Okawaru.
  6062 | D:6      | Became a worshipper of Warmaster Okawaru
  6766 | D:7      | Found a shimmering altar of Xom.
  6766 | D:7      | Found a burning altar of Makhleb.
  7023 | D:7      | Found Fed Sche's General Store.
  7032 | D:7      | Bought a scroll of identify for 26 gold pieces
  7032 | D:7      | Bought a beef jerky for 19 gold pieces
  7060 | D:7      | Acquired Okawaru's first power
  7065 | D:7      | Found a white marble altar of Elyvilon.
  7105 | D:7      | Reached skill level 9 in Maces & Flails
  7261 | D:7      | Reached XP level 10. HP: 50/61 MP: 10/10
  7399 | D:7      | Noticed Dowan
  7400 | D:7      | Noticed Duvessa
  7433 | D:7      | Killed Dowan
  7453 | D:7      | Killed Duvessa
  7895 | D:8      | Reached skill level 10 in Maces & Flails
  8035 | D:8      | Noticed an oklob plant
  8613 | D:8      | Noticed a green ugly thing
  8629 | D:8      | Killed a green ugly thing
  8913 | D:8      | Killed an oklob plant
  8913 | D:8      | Reached skill level 11 in Maces & Flails
  9037 | D:9      | Noticed Psyche
  9048 | D:9      | Killed Psyche
  9190 | D:9      | Found a bloodstained altar of Trog.
  9221 | D:9      | Found a staircase to the Orcish Mines.
  9342 | D:9      | Reached XP level 11. HP: 68/68 MP: 11/11
  9373 | D:9      | Noticed Joseph
  9391 | D:9      | Killed Joseph
  9845 | D:10     | Entered Level 10 of the Dungeon
 10703 | D:11     | Noticed Josephine
 10726 | D:11     | Killed Josephine
 10740 | D:11     | Reached skill level 12 in Maces & Flails
 10890 | D:11     | Found a portal to a secret trove of treasure.
 10962 | D:11     | Reached skill level 10 in Shields
 11520 | D:11     | Acquired Okawaru's second power
 11717 | D:11     | Found a staircase to the Lair.
 11884 | D:11     | Noticed a hill giant
 11894 | D:11     | Killed a hill giant
 11894 | D:11     | Reached skill level 1 in Invocations
 11936 | D:12     | Reached XP level 12. HP: 76/76 MP: 14/14
 12000 | D:12     | Noticed a centaur warrior
 12009 | D:12     | Killed a centaur warrior
 12009 | D:12     | Reached skill level 1 in Dodging
 12035 | D:12     | Noticed Nessos
 12038 | D:12     | Received a gift from Okawaru
 12045 | D:12     | Got a fine chain mail {god gift}
 12069 | D:12     | Killed Nessos
 12082 | D:12     | Identified the -4 chain mail of the Ego {rF- MP+9 Slay-6} (Okawaru gifted it to you on level 12 of the Dungeon)
 12256 | D:12     | Reached skill level 13 in Maces & Flails
 12265 | D:12     | Noticed a hill giant
 12292 | D:12     | Killed a hill giant
 12394 | D:12     | Noticed Harold
 12436 | D:12     | Killed Harold
 12616 | D:12     | Found a shadowy altar of Dithmenos.
 12668 | D:12     | Killed an unseen horror
 13137 | D:13     | Noticed a centaur warrior
 13153 | D:13     | Killed a centaur warrior
 13448 | D:13     | Noticed a centaur warrior
 13462 | D:13     | Killed a centaur warrior
 13467 | D:13     | Reached skill level 10 in Fighting
 13588 | D:13     | Reached XP level 13. HP: 74/82 MP: 2/20
 13722 | D:13     | Noticed Erolcha
 13732 | D:13     | Killed Erolcha
 14104 | Lair:1   | Entered Level 1 of the Lair of Beasts
 14403 | Lair:1   | Reached skill level 5 in Invocations
 14469 | Lair:1   | Received a gift from Okawaru
 15459 | Lair:2   | Reached skill level 14 in Maces & Flails
 16011 | Lair:3   | Found a staircase to the Snake Pit.
 16324 | Lair:3   | Reached skill level 10 in Armour
 16799 | Lair:3   | Received a gift from Okawaru
 17440 | Lair:4   | Received a gift from Okawaru
 17453 | Lair:4   | Got a smoking morningstar {god gift}
 17454 | Lair:4   | Identified the +8 morningstar of Joyful Slaughter {flame, Str+3 Stlth+} (Okawaru gifted it to you on level 4 of the Lair of Beasts)
 17670 | Lair:4   | Found a staircase to the Shoals.
 18143 | Lair:5   | Gained mutation: Your wings are large and strong. [gargoyle growth]
 18143 | Lair:5   | Reached XP level 14. HP: 55/88 MP: 24/24
 18188 | Lair:5   | Found a labyrinth entrance.
 18202 | Lab      | Entered a labyrinth
 19552 | Lab      | Identified Lehudib's Volume of Battle Magic
 19552 | Lab      | Got a crude wooden ring
 20526 | Lair:6   | Identified a scroll of acquirement
 20535 | Lair:6   | Identified a +0 pair of boots of running (You acquired it on level 6 of the Lair of Beasts)
 20785 | Lair:6   | Received a gift from Okawaru
 20789 | Lair:6   | Got a dazzling chain mail {god gift}
 20800 | Lair:6   | Identified the +7 chain mail of Vuruoppyar {rElec Regen+ Int-2} (Okawaru gifted it to you on level 6 of the Lair of Beasts)
 20802 | Lair:6   | Identified the ring of Xeagutipt {+/*Tele Contam HP-9 Slay+6 Stlth+} (You found it in a labyrinth)
 20842 | Lair:6   | Reached skill level 5 in Dodging
 20891 | Lair:6   | Gained mutation: You passively map a small area around you. [mutagenic glow]
 21460 | Lair:7   | Reached skill level 15 in Maces & Flails
 22221 | Lair:8   | Entered Level 8 of the Lair of Beasts
 22221 | Lair:8   | Found a viscous altar of Jiyva.
 22221 | Lair:8   | Found a staircase to the Slime Pits.
 22612 | Lair:8   | Noticed Maud
 22641 | Lair:8   | Killed Maud
 22820 | Lair:8   | Received a gift from Okawaru
 22820 | Lair:8   | Reached XP level 15. HP: 85/96 MP: 26/26
 22888 | Lair:8   | Found a burning altar of Makhleb.
 22981 | Lair:8   | Found a gateway to Hell.
 23625 | Lair:7   | Identified a +5 rod of the swarm (13/13) (You found it on level 8 of the Lair of Beasts)
 23979 | Orc:1    | Entered Level 1 of the Orcish Mines
 25021 | Orc:1    | Upgraded the game from 0.16-a0-3625-g2624681 to 0.16-a0-3630-g4eef910
 25765 | Orc:2    | Found Keanisip's Food Boutique.
 25892 | Orc:3    | Found a staircase to the Elven Halls.
 26533 | Orc:4    | Entered Level 4 of the Orcish Mines
 26787 | Orc:4    | Found Wukijoig's Book Boutique.
 26831 | Orc:4    | Received a gift from Okawaru
 26973 | Orc:4    | Got a bloodstained eveningstar {god gift}
 26992 | Orc:4    | Identified the +5 eveningstar of Ilowento {freeze, +Blink rElec rPois+ rC- rN++} (Okawaru gifted it to you on level 4 of the Orcish Mines)
 27011 | Orc:4    | Found Trah's Distillery.
 27017 | Orc:4    | Found Qizuik's Food Shoppe.
 27029 | Orc:4    | Bought a potion of brilliance for 60 gold pieces
 27031 | Orc:4    | Found Coeg's Food Boutique.
 27868 | D:14     | Found Qoill's Weapon Shoppe.
 27941 | D:14     | Received a gift from Okawaru
 28301 | D:14     | Found a gate to the Vaults.
 28617 | D:14     | Found a deep blue altar of Sif Muna.
 28690 | D:15     | Entered Level 15 of the Dungeon
 28945 | D:15     | Reached XP level 16. HP: 103/103 MP: 29/29
 28999 | D:15     | Noticed Frances
 29014 | D:15     | Killed Frances
 29014 | D:15     | Received a gift from Okawaru
 29275 | D:15     | Found a staircase to the Depths.
 29397 | D:15     | Found a basalt altar of Yredelemnul.
 29397 | D:15     | Found a basalt altar of Yredelemnul.
 29397 | D:15     | Found a glowing golden altar of the Shining One.
 29500 | D:15     | Noticed a tengu reaver
 29521 | D:15     | Killed a tengu reaver
 29604 | D:15     | Reached skill level 10 in Invocations
 29756 | D:15     | Reached skill level 16 in Maces & Flails
 29908 | D:15     | Reached skill level 10 in Dodging
 30030 | D:15     | Noticed a tengu reaver
 30097 | D:15     | Killed a tengu reaver
 30310 | D:15     | Gained mutation: Your flesh is heat resistant. [potion of beneficial mutation]
 30311 | D:15     | Gained mutation: You are somewhat resistant to further mutation. [potion of beneficial mutation]
 30664 | Snake:1  | Entered Level 1 of the Snake Pit
 30910 | Snake:1  | Received a gift from Okawaru
 31223 | Snake:1  | Reached XP level 17. HP: 84/110 MP: 27/30
 32192 | Snake:1  | Noticed twb's ghost (powerful SpEn)
 32222 | Snake:1  | Killed twb's ghost
 32546 | Snake:2  | Received a gift from Okawaru
 33303 | Snake:2  | Got a pitted demon whip {god gift}
 33304 | Snake:2  | Identified the +9 demon whip of Udwu {flame, -Cast Noisy +Blink +Rage rF+ rC+ Dex+2} (Okawaru gifted it to you on level 2 of the Snake Pit)
 33546 | Snake:3  | Received a gift from Okawaru
 34154 | Snake:4  | Got a warped ring mail
 34165 | Snake:4  | Identified the +8 ring mail of the Crown {+Fly rElec Stlth+} (You found it on level 4 of the Snake Pit)
 34213 | Snake:4  | Noticed Louise
 34228 | Snake:4  | Killed Louise
 35010 | Snake:5  | Entered Level 5 of the Snake Pit
 35497 | Snake:5  | Received a gift from Okawaru
 35684 | Snake:5  | Reached XP level 18. HP: 117/117 MP: 23/30
 35695 | Snake:5  | Reached skill level 17 in Maces & Flails
 36075 | Snake:5  | Received a gift from Okawaru
 36129 | Snake:5  | Got a serpentine rune of Zot
 36465 | Shoals:1 | Entered Level 1 of the Shoals
 36718 | Shoals:1 | Noticed Rupert
 36758 | Shoals:1 | Killed Rupert
 36910 | Shoals:1 | Noticed Asterion
 36931 | Shoals:1 | Killed Asterion
 37206 | Shoals:2 | Reached skill level 15 in Fighting
 37308 | Shoals:2 | Received a gift from Okawaru
 37311 | Shoals:2 | Got a heavily runed buckler {god gift}
 37342 | Shoals:2 | Identified the +1 buckler "Qanua" {Noisy +Blink +Fly rN+} (Okawaru gifted it to you on level 2 of the Shoals)
 38501 | Shoals:3 | Found Ahoextyv's Antique Armour Shoppe.
 38512 | Shoals:3 | Bought a glowing cloak for 148 gold pieces
 38557 | Shoals:3 | Bought an embroidered cloak for 148 gold pieces
 38582 | Shoals:3 | Bought a glowing plate armour for 759 gold pieces
 38972 | Shoals:4 | Reached skill level 15 in Armour
 39174 | Shoals:4 | Reached XP level 19. HP: 115/124 MP: 31/31
 39677 | Shoals:5 | Entered Level 5 of the Shoals
 40005 | Shoals:5 | Got a barnacled rune of Zot
 40346 | Shoals:5 | Received a gift from Okawaru
 40486 | Shoals:5 | Noticed Ilsuiw
 40646 | Shoals:4 | Killed Ilsuiw
 40759 | Shoals:1 | Learned a level 2 spell: Blink
 41164 | Elf:1    | Entered Level 1 of the Elven Halls
 41280 | Elf:1    | Found a flickering gateway to a bazaar.
 41285 | Bazaar   | Entered a bazaar
 41285 | Bazaar   | Found Beanerr's Magic Scroll Boutique.
 41285 | Bazaar   | Found Imiott's Book Shoppe.
 41286 | Bazaar   | Found Juadoake's Distillery.
 41287 | Bazaar   | Found Zumuig Nena's Assorted Antiques.
 41287 | Bazaar   | Found Filuh's Jewellery Shop.
 41326 | Bazaar   | Bought a pair of polished gloves for 294 gold pieces
 41336 | Bazaar   | Identified the +0 pair of gloves of the Wumpus {Noisy rPois+ rC+ Dex-4 Slay+3 SInv} (You bought it in a shop in a bazaar)
 41349 | Bazaar   | Bought a book of Battle for 680 gold pieces
 41369 | Bazaar   | Bought a tourmaline ring for 155 gold pieces
 41377 | Bazaar   | Bought a potion of beneficial mutation for 630 gold pieces
 41377 | Bazaar   | Bought a potion of curing for 54 gold pieces
 41377 | Bazaar   | Bought 2 potions of heal wounds for 180 gold pieces
 41377 | Bazaar   | Bought a potion of might for 72 gold pieces
 41377 | Bazaar   | Bought a potion of curing for 54 gold pieces
 41394 | Bazaar   | Learned a level 3 spell: Regeneration
 41399 | Bazaar   | Bought a scroll of teleportation for 27 gold pieces
 41399 | Bazaar   | Bought a scroll of teleportation for 27 gold pieces
 41399 | Bazaar   | Bought a scroll of magic mapping for 31 gold pieces
 41503 | Elf:1    | Reached skill level 1 in Charms
 41503 | Elf:1    | Reached skill level 1 in Necromancy
 41503 | Elf:1    | Reached skill level 1 in Translocations
 41605 | Elf:1    | Identified the Compendium of the Entourage
 42211 | Elf:1    | Reached skill level 18 in Maces & Flails
 42644 | Elf:2    | Found Boerhefe's General Store.
 42652 | Elf:2    | Found Pnue's Gadget Shoppe.
 42706 | Elf:2    | Found Toaker's Antique Weapon Shop.
 42728 | Elf:2    | Found Asiapn's Antique Weapon Shop.
 42796 | Elf:2    | Found a runed gate.
 42796 | Elf:2    | Found a runed gate.
 42796 | Elf:2    | Found a runed gate.
 43227 | Elf:2    | Reached XP level 20. HP: 125/131 MP: 32/32
 43495 | Elf:2    | Found Igim's Jewellery Emporium.
 43627 | Elf:3    | Entered Level 3 of the Elven Halls
 43668 | Elf:3    | Received a gift from Okawaru
 44034 | Elf:3    | Found Udozer's Assorted Antiques.
 44035 | Elf:3    | Noticed chequers' ghost (mighty HOBe)
 44055 | Elf:3    | Killed chequers' ghost
 44331 | Elf:3    | Cast into the Abyss (a deep elf sorcerer)
 44659 | Abyss:1  | Found a corrupted altar of Lugonu.
 44773 | Abyss:1  | Noticed a bone dragon
 44776 | Abyss:1  | Noticed a bone dragon
 44788 | Abyss:1  | Killed a bone dragon
 44823 | Abyss:1  | Killed a bone dragon
 45005 | Abyss:1  | Noticed a bone dragon
 45032 | Abyss:1  | Killed a bone dragon
 45236 | Elf:3    | Escaped the Abyss
 45257 | Elf:3    | Reached skill level 5 in Charms
 45261 | Elf:3    | Reached skill level 5 in Translocations
 45337 | Elf:3    | Killed from afar by a hellion

Action                   |  1- 3 |  4- 6 |  7- 9 | 10-12 | 13-15 | 16-18 | 19-21 || total
-------------------------+-------+-------+-------+-------+-------+-------+-------++-------
Melee: Flail             |   169 |    45 |       |       |       |       |       ||   214
       Morningstar       |       |   284 |   603 |   834 |  1613 |  1494 |  1093 ||  5921
       Great mace        |       |       |       |       |    46 |       |       ||    46
Invok: Heroism           |       |       |       |     3 |     5 |     7 |     8 ||    23
       Finesse           |       |       |       |       |     3 |     3 |     5 ||    11
 Abil: Fly               |       |       |       |       |     2 |     3 |       ||     5
       Stop Flying       |       |       |       |       |     2 |     2 |       ||     4
       Evoke Invisibilit |       |       |       |       |       |       |     1 ||     1
Evoke: Wand              |       |       |       |     2 |     5 |     2 |     4 ||    13
       Sack of spiders   |       |       |       |       |     1 |       |       ||     1
       Rod               |       |       |       |       |     1 |       |       ||     1
  Use: Scroll            |     1 |     2 |    15 |    16 |    12 |    12 |     8 ||    66
       Potion            |       |     1 |     2 |     6 |     2 |     7 |     3 ||    21
 Stab: Invisible         |       |       |       |       |       |     1 |       ||     1
  Eat: Chunk             |     3 |    11 |    15 |    20 |    12 |    16 |       ||    77
       Beef jerky        |       |       |     1 |       |       |     1 |       ||     2
       Pizza             |       |       |       |     1 |     1 |     1 |     1 ||     4
       Fruit             |       |       |       |       |     6 |    11 |     2 ||    19
       Bread ration      |       |       |       |       |     6 |     1 |     5 ||    12
       Royal jelly       |       |       |       |       |     3 |       |     1 ||     4
